 Dungeon Crawl Stone Soup version 0.29-a0-96-g93358da72b (webtiles) character file.

Game seed: 17658205851574694081

133 siradein the Skirmisher (level 4, -1/40 HPs)
             Began as a Draconian Fighter on Feb 10, 2022.
             Slain by Edmund (2 damage)
             ... on level 4 of the Dungeon.
             The game lasted 00:03:58 (3279 turns).

siradein the Skirmisher (Draconian Fighter)         Turns: 3279, Time: 00:03:58

Health: -1/40      AC:  8    Str: 19    XL:     4   Next: 93%
Magic:  4/4        EV: 12    Int: 10    God:
Gold:   144        SH:  4    Dex: 10    Spells: 3/3 levels left

rFire   . . .      SeeInvis .   j - +0 rapier
rCold   . . .      Faith    .   a - +0 buckler
rNeg    . . .      Spirit   .   (armour unavailable)
rPois   .          Reflect  .   (helmet restricted)
rElec   .          Harm     .   (no cloak)
rCorr   .          Rampage  .   (no gloves)
Will    .....                   h - +2 pair of boots
Stlth   +.........              (no amulet)
HPRegen 0.13/turn               (no ring)
MPRegen 0.09/turn               (no ring)

@: no status effects
A: AC +5, unfitting armour, cold-blooded
a: no special abilities


You were on level 4 of the Dungeon.
You visited 1 branch of the dungeon, and saw 4 of its levels.

You collected 144 gold pieces.

Inventory:

Hand Weapons
 j - a +0 rapier (weapon)
Missiles
 t - a throwing net (quivered)
Armour
 a - a +0 buckler (worn)
 h - a +2 pair of boots (worn)
Magical Staves
 q - a staff of conjuration
Jewellery
 r - a +4 ring of protection
Scrolls
 d - a scroll of enchant weapon {unknown}
 e - 2 scrolls of identify {unknown}
 f - a scroll of noise {unknown}
 g - a scroll of immolation {unknown}
 l - 2 scrolls of enchant armour {unknown}
 m - a scroll of vulnerability {unknown}
 o - a scroll of fear {unknown}
 p - a scroll of summoning {unknown}
Potions
 b - a potion of might
 c - 2 potions of degeneration {unknown}
 i - a potion of invisibility {unknown}
 k - a potion of lignification {unknown}
 n - 4 potions of mutation {unknown}
 s - 2 potions of attraction {unknown}


   Skills:
 + Level 4.2 Fighting
 + Level 3.4 Dodging
 + Level 3.8 Shields
 + Level 3.1 Unarmed Combat


You had 3 spell levels left.
You didn't know any spells.
Your spell library contained the following spells:

 Spells                   Type           Power      Damage    Failure   Level
 Sting                    Tmut/Pois      0%         1d3       43%         1
 Poisonous Vapours        Pois/Air       0%         N/A       58%         2
 Olgreb's Toxic Radiance  Pois           0%         N/A       99%         4


Dungeon Overview and Level Annotations

Branches:
Dungeon (4/15)
 Temple: D:4-7

Altars:

Annotations:
D:4 Edmund


Innate Abilities, Weirdness & Mutations

Your plain brown scales are hard. (AC +5)
You cannot fit into any form of body armour.
You are cold-blooded and may be slowed by cold attacks.


Message History

You block Edmund's attack.
You hit Edmund but do no damage.
Edmund is lightly wounded.
Edmund hits you with a +0 flail of pain!
You barely miss Edmund.
Edmund is lightly wounded.
Edmund closely misses you.
Edmund hits you with a +0 flail of pain.
You closely miss Edmund.
Your tail-slap misses Edmund.
Edmund is lightly wounded.
Edmund hits you with a +0 flail of pain!
You are too injured to fight recklessly!
You are too injured to fight recklessly!
You are too injured to fight recklessly!
You are too injured to fight recklessly!
Edmund hits you with a +0 flail of pain.
You writhe in agony.
You hit Edmund but do no damage.
Edmund is lightly wounded.
You block Edmund's attack. Edmund barely misses you.
You hit Edmund.
Your tail-slap misses Edmund.
Edmund is lightly wounded.
Edmund hits you with a +0 flail of pain.
* * * LOW HITPOINT WARNING * * *
You hit Edmund.
Edmund is lightly wounded.
You block Edmund's attack.
You puncture Edmund!
Edmund is moderately wounded.
Edmund closely misses you.
You hit Edmund.
Edmund is moderately wounded.
Edmund clears his throat.
Edmund misses you.
You closely miss Edmund.
Edmund is moderately wounded.
Edmund hits you with a +0 flail of pain!
* * * LOW HITPOINT WARNING * * *
You writhe in agony.
You die...

#.... #...##
+>... #...#
#...# # #...#
##.# #...# ....#
######...#.....+
#..@@....'.....#
#.###.##.#...."#
#. #.##.# ....#
.. #.##<# #...
#.####.##.# <.
#.........# .
######....#
....#...#
###.#.#.#


You could see Edmund.

Vanquished Creatures
  Jessica (D:3)
  5 adders
  A worm (D:3)
  2 dart slugs
  2 endoplasms (D:1)
  A giant cockroach (D:1)
  4 goblins
  10 hobgoblins
  2 quokkas (D:2)
  5 ball pythons
  6 bats
  A frilled lizard (D:1)
  8 kobolds
  6 rats
54 creatures vanquished.

Vanquished Creatures (others)
  5 plants (D:1)
5 creatures vanquished.

Grand Total: 59 creatures vanquished

Notes
Turn   | Place    | Note
-------+----------+-------------------------------------------
     0 | D:1      | siradein the Draconian Fighter began the quest for the Orb.
     0 | D:1      | Reached XP level 1. HP: 19/19 MP: 1/1
   258 | D:1      | Reached XP level 2. HP: 18/26 MP: 2/2
   510 | D:1      | Found a faded altar of an unknown god.
   511 | D:1      | Noticed a floating eye
   515 | D:1      | Noticed a golden eye
   515 | D:1      | Noticed a golden eye
   515 | D:1      | Noticed a floating eye
  1685 | D:2      | Reached XP level 3. HP: 32/33 MP: 3/3
  2220 | D:2      | Reached XP level 4. HP: 40/40 MP: 4/4
  2356 | D:2      | Reached skill level 4 in Fighting
  2872 | D:3      | Noticed Jessica
  2883 | D:3      | Killed Jessica
  3261 | D:4      | Noticed Edmund
  3279 | D:4      | HP: 1/40 [Edmund (9)]
  3279 | D:4      | Slain by Edmund

Illustrated notes

Levels and vault maps discovered:
D:1:      dpeg_arrival_rooms_with_view, layout_loops_corners,
          hellmonk_ecumenical_altar_watching_god, serial_bayou_lagoon_a
D:2:      minmay_wonky_spiral, layout_basic, minmay_fractal_squares_5
D:3:      layout_rooms, corexii_corridor_pit, uniq_jessica
D:4:      layout_basic, gammafunk_ghost_arena,
          nicolae_shop_sticking_my_neck_out, uniq_edmund

Skill      XL: |  1  2  3  4 |
---------------+-------------+-----
Dodging        | 3 |  3.4
Fighting       | 4 |  4.2
Unarmed Combat | 3 |  3.1
Shields        | |  3.8

Action                   |  1- 3 |  4- 6 || total
-------------------------+-------+-------++-------
Melee: Unarmed           |    77 |       ||    77
       Tailslap          |    13 |     4 ||    17
       Rapier            |    79 |    62 ||   141
Armor: Skin              |    67 |    11 ||    78
Dodge: Dodged            |   125 |    40 ||   165
Block: Buckler           |    34 |    18 ||    52

Table legend: (Time is in decaauts)
 A = Elapsed time spent in this place.
 B = Non-inter-level travel time spent in this place.
 C = Inter-level travel time spent in this place.
 D = Time resting spent in this place.
 E = Time spent auto-exploring this place.
 F = Levels seen in this place.
 G = Mean time per level.
                   A        B        C        D        E       F      G
               +--------+--------+--------+--------+--------+-----+--------+
         Total |   3322 |   3279 |     43 |    188 |   2587 |   4 |  830.5 |
       Dungeon |   3322 |   3279 |     43 |    188 |   2587 |   4 |  830.5 |
               +--------+--------+--------+--------+--------+-----+--------+

Top non-repeatable levels by time:
     D:1: 1709 daAuts
     D:2: 981 daAuts
     D:3: 595 daAuts
     D:4: 35 daAuts
